AoeStats
← [HOBO]Drifter

Arena

509995501Analyzed
4v4 RM · 3d ago on Sep 29, 2026· 48m 53s· 8 players
Game mode
Random Map
Map size
Large (8 player)
Population
200
Speed
Normal
Resources
Standard
Victory
Conquest
Starting age
Dark Age
Ending age
Imperial Age
RankedLock teamsTeams togetherTeam positionsShared explorationLock speedFull tech treeHidden civsTurbo modeCheats
Victory
Defeat
🇺🇸 Hindustanis · United States
1285
+14
🇪🇸 Bohemians · Spain
1272
+14
🇺🇸 Spanish · United States
1266
+14
🇦🇺 Dravidians · Australia
1172
+18
🇦🇷 Armenians · Argentina
1247
-16
🇺🇸 Ethiopians · United States
1233
-15
🇵🇾 Burgundians · Paraguay
1228
-15
🇺🇸 Hindustanis · United States
1213
-14
FullmetalZimm
9:54 Feudal Age
10:58 Double-Bit Axe
14:15 Castle Age
13:42 Horse Collar
18:32 Loom
21:07 Gold Mining
22:35 Wheelbarrow
23:51 Hand Cart
24:18 Bow Saw
24:25 Heavy Plow
25:34 Town Watch
27:28 Gold Shaft Mining
26:43 Stone Mining
30:04 Imperial Age
27:30 Fletching
27:41 Scale Mail Armor
27:52 Forging
27:43 Padded Archer Armor
28:31 Bodkin Arrow
29:53 Masonry
30:04 Ballistics
29:55 Fortified Wall
29:41 Murder Holes
30:02 Royal Heirs
30:23 Squires
32:05 Chemistry
31:15 Siege Engineers
31:38 Conscription
31:47 Torsion Engines
31:20 Crossbowman
32:12 Arbalester
33:34 Thumb Ring
34:52 Bracer
35:08 Chain Mail Armor
35:28 Iron Casting
DANICW82
10:48 Feudal Age
14:40 Castle Age
13:31 Double-Bit Axe
14:46 Fletching
19:49 Wheelbarrow
22:12 Bow Saw
21:50 Horse Collar
23:03 Heavy Plow
26:00 Gold Mining
30:14 Imperial Age
27:46 Stone Mining
28:34 Gold Shaft Mining
29:54 Scale Mail Armor
30:04 Forging
29:50 Bodkin Arrow
31:22 Squires
31:09 Arson
30:46 Man-at-Arms
31:43 Chain Mail Armor
32:03 Iron Casting
32:25 Long Swordsman
33:53 Hand Cart
35:05 Plate Mail Armor
35:35 Blast Furnace
34:43 Husbandry
34:04 Light Cavalry
35:53 Bracer
36:53 Blast Furnace
37:13 Two-Handed Swordsman
39:03 Chemistry
38:23 Ballistics
38:34 Champion
40:29 Padded Archer Armor
41:42 Pikeman
44:09 Hussar
45:49 Leather Archer Armor
48:02 Elite Skirmisher
Solaire (Praise the Sun)
9:32 Feudal Age
9:28 Loom
11:32 Double-Bit Axe
13:52 Castle Age
15:05 Wheelbarrow
20:52 Gold Mining
22:11 Stone Mining
23:16 Bow Saw
28:48 Imperial Age
27:58 Bloodlines
27:48 Husbandry
28:08 Scale Barding Armor
29:50 Heavy Camel Rider
30:56 Chain Barding Armor
30:52 Forging
30:59 Horse Collar
33:02 Iron Casting
32:43 Scale Mail Armor
34:51 Imperial Camel Rider
36:51 Plate Barding Armor
37:46 Blast Furnace
37:09 Conscription
47:00 Chain Mail Armor
Loto
9:27 Feudal Age
13:05 Castle Age
11:20 Double-Bit Axe
12:39 Horse Collar
14:14 Bow Saw
17:16 Heavy Plow
22:19 Loom
23:11 Wheelbarrow
22:39 Stone Mining
25:57 Hand Cart
29:23 Imperial Age
27:13 Padded Archer Armor
27:03 Fletching
27:24 Gold Mining
27:57 Heavy Plow
28:24 Leather Archer Armor
28:33 Ballistics
28:57 Gold Shaft Mining
28:46 Scale Mail Armor
28:42 Bodkin Arrow
28:09 Man-at-Arms
28:54 Gambesons
29:09 Squires
29:25 Forging
28:59 Long Swordsman
30:01 Masonry
30:33 Conscription
30:09 Two-Handed Swordsman
30:49 Elite Composite Bowman
31:05 Champion
33:02 Chain Mail Armor
33:48 Iron Casting
34:57 Fereters
36:25 Plate Mail Armor
37:16 Hoardings
37:50 Chemistry
37:01 Arson
37:22 Bracer
38:32 Ring Archer Armor
39:03 Blast Furnace
38:46 Guilds
42:06 Treadmill Crane
43:56 Pikeman
44:04 Elite Skirmisher
44:34 Halberdier
46:08 Caravan
mR_GrincH_
11:56 Feudal Age
12:35 Horse Collar
12:41 Double-Bit Axe
12:48 Gold Mining
15:56 Castle Age
17:01 Bow Saw
23:31 Wheelbarrow
22:44 Loom
24:47 Stone Mining
25:52 Hand Cart
29:40 Imperial Age
27:33 Padded Archer Armor
27:24 Fletching
27:43 Heavy Plow
28:18 Pikeman
29:01 Scale Mail Armor
29:11 Forging
30:05 Chain Mail Armor
30:04 Town Watch
29:43 Halberdier
31:16 Iron Casting
30:57 Leather Archer Armor
30:38 Bodkin Arrow
32:29 Stone Shaft Mining
32:45 Plate Mail Armor
33:42 Two-Man Saw
32:24 Capped Ram
35:27 Ring Archer Armor
34:57 Bracer
35:58 Blast Furnace
35:44 Conscription
37:57 Ballistics
38:39 Chemistry
37:58 Elite Conquistador
39:27 Scale Barding Armor
42:17 Gambesons
42:33 Squires
42:18 Arson
42:07 Siege Ram
[HOBO]Drifter
11:16 Feudal Age
15:16 Castle Age
13:04 Double-Bit Axe
14:38 Horse Collar
17:14 Bow Saw
21:38 Husbandry
24:23 Gold Mining
24:34 Heavy Plow
27:24 Wheelbarrow
26:40 Loom
32:58 Imperial Age
30:50 Hand Cart
31:22 Bloodlines
32:27 Scale Barding Armor
32:33 Forging
33:16 Heavy Camel Rider
34:17 Chain Barding Armor
35:13 Chemistry
34:19 Siege Engineers
34:24 Masonry
35:19 Conscription
35:36 Imperial Camel Rider
39:25 Plate Barding Armor
43:20 Fletching
44:05 Iron Casting
43:30 Padded Archer Armor
45:49 Bodkin Arrow
46:54 Blast Furnace
45:40 Light Cavalry
李佳遥耶耶耶
9:47 Feudal Age
14:50 Castle Age
12:49 Double-Bit Axe
14:37 Horse Collar
16:50 Bow Saw
17:35 Wheelbarrow
21:55 Loom
28:01 Imperial Age
25:49 Hand Cart
25:38 Heavy Plow
26:37 Scale Mail Armor
26:47 Forging
26:24 Pikeman
27:04 Squires
28:38 Chemistry
28:05 Chain Mail Armor
27:47 Arson
28:41 Ballistics
29:43 Two-Man Saw
29:06 Conscription
28:12 Halberdier
29:35 Iron Casting
30:53 Siege Engineers
31:50 Plate Mail Armor
32:20 Blast Furnace
32:06 Houfnice
33:56 Guard Tower
33:51 Arrowslits
34:39 Fletching
35:28 Keep
35:25 Bodkin Arrow
36:29 Bracer
36:42 Masonry
37:43 Padded Archer Armor
38:25 Architecture
37:53 Murder Holes
40:44 Fortified Wall
43:29 Wagenburg Tactics
44:42 Guilds
43:58 Elite Skirmisher
46:50 Caravan
Keanoob Reeves
11:01 Feudal Age
14:41 Castle Age
12:41 Double-Bit Axe
15:53 Bow Saw
15:26 Horse Collar
16:41 Pikeman
28:41 Imperial Age
26:34 Heavy Plow
27:20 Gold Mining
29:37 Thumb Ring
29:24 Fletching
29:34 Padded Archer Armor
30:45 Wheelbarrow
32:09 Elite Elephant Archer
35:06 Bodkin Arrow
35:11 Padded Archer Armor
35:38 Ballistics
35:49 Elite Urumi Swordsman
37:35 Bracer
37:51 Leather Archer Armor
41:07 Chemistry
41:12 Two-Man Saw
44:56 Man-at-Arms
45:22 Gambesons
45:22 Arson
45:37 Squires
46:40 Long Swordsman
48:02 Two-Handed Swordsman
48:52 Champion
Connection lost

Rejoining the realm…

Still unreachable

The connection could not be restored.

Session expired

The server has moved on; the page needs a fresh start.